Map: Dusk Towers

Players

Sziky

  • Race: Zerg Zerg
  • League: Grandmaster

Adonminus - Winner!

  • Race: Protoss Protoss
  • League: Grandmaster

VOD

Have the link to the VOD?

Description

Time

  • Played on: March 18, 2016, 7:22 p.m.
  • Length: 14:38
Show
View Real Time Build Order
Export as new Build Order

Sziky Zerg 

Build Orders: Hatch First, Lurkers 

Get SALT Encoding   

  12  0:01  Drone  
  13  0:13  Overlord  
  13  0:17  Drone  
  14  0:31  Drone x2  
  14  0:35  Drone  
  17  0:52  Hatchery  
  17  0:54  Drone  
  17  0:58  Drone  
  18  1:08  Extractor  
  17  1:13  Spawning Pool  
  17  1:16  Drone  
  17  1:19  Drone  
  18  1:30  Overlord  
  18  1:39  Drone  
  19  1:59  Queen  
  19  2:00  Zergling x2  
  22  2:02  Zergling x2  
  22  2:04  Queen  
  25  2:09  Metabolic Boost  
  25  2:14  Drone x2  
  27  2:17  Drone  
  28  2:23  Drone  
  28  2:27  Drone  
  30  2:33  Drone  
  31  2:38  Overlord  
  31  2:48  Hatchery  
  31  2:50  Drone  
  31  2:51  Drone  
  32  2:56  Queen  
  34  3:00  Drone  
  34  3:03  Drone  
  36  3:06  Drone  
  36  3:12  Drone x3  
  40  3:17  Zergling x2  
  41  3:22  Zergling x4  
  41  3:23  Drone  
  44  3:29  Overlord  
  44  3:39  Pneumatized Carapace  
  44  3:44  Overlord  
  44  3:45  Extractor x2  
  42  3:49  Drone  
  42  3:50  Drone x7  
  42  3:53  Drone  
  51  4:02  Queen  
  53  4:05  Drone x2  
  53  4:06  Drone x2  
  57  4:16  Lair  
  57  4:18  Drone  
  57  4:22  Overlord  
  57  4:24  Overlord  
  58  4:27  Overlord  
  58  4:38  Spore Crawler  
  57  4:39  Spore Crawler  
  57  4:40  Queen  
  57  4:42  Spore Crawler, Drone x3  
  57  4:43  Drone x3  
  63  4:46  Drone  
  63  4:48  Drone  
  63  4:52  Drone x2  
  67  4:53  Drone x2  
  67  4:56  Drone x2  
  71  5:00  Drone  
  71  5:03  Drone  
  71  5:05  Drone  
  71  5:07  Drone  
  71  5:14  Evolution Chamber  
  71  5:16  Queen  
  71  5:17  Hydralisk Den  
  71  5:19  Extractor  
  71  5:20  Extractor  
  70  5:23  Drone x4  
  70  5:25  Overlord x2  
  70  5:26  Overlord  
  74  5:41  Zerg Missile Weapons Level 1  
  74  5:42  Zergling x4  
  73  5:44  Zergling x8  
  73  5:45  Zergling x4  
  73  5:48  Zergling x4  
  77  5:53  Zergling x12  
  77  5:57  Zergling x2  
  80  6:00  Zergling x2  
  74  6:08  Drone x2  
  74  6:09  Drone  
  74  6:11  Muscular Augments  
  71  6:13  Drone  
  71  6:16  Drone  
  71  6:18  Drone x2  
  69  6:23  Drone x3  
  72  6:26  Drone  
  72  6:28  Drone  
  72  6:30  Drone  
  75  6:35  Drone x2  
  75  6:37  Drone  
  78  6:40  Drone  
  78  6:46  Hydralisk x2  
  83  6:51  Hydralisk  
  85  6:54  Hydralisk x2  
  85  6:58  Spine Crawler  
  85  7:00  Hydralisk x2  
  91  7:03  Hydralisk  
  91  7:06  Hydralisk  
  93  7:09  Queen  
  93  7:11  Hydralisk  
  97  7:15  Overlord  
  97  7:16  Overlord  
  97  7:20  Overlord  
  97  7:35  Hydralisk x4  
  97  7:36  Hydralisk x2  
  94  7:42  Hydralisk x3  
  95  7:46  Hydralisk x2  
  95  7:51  Drone x3  
  102  7:53  Extractor, Drone  
  102  7:54  Drone  
  102  7:56  Hydralisk  
  105  8:01  Hydralisk x2  
  109  8:06  Drone  
  109  8:11  Drone x2  
  109  8:12  Drone  
  113  8:14  Lurker Den  
  113  8:22  Hydralisk  
  113  8:24  Hydralisk  
  117  8:29  Hydralisk  
  117  8:33  Hydralisk  
  119  8:34  Hatchery  
  119  8:35  Overlord  
  119  8:36  Overlord  
  120  8:44  Zerg Missile Weapons Level 2  
  120  8:46  Evolution Chamber  
  119  8:56  Hydralisk x5  
  119  8:59  Hydralisk  
  131  9:04  Hydralisk x2  
  135  9:10  Spore Crawler  
  135  9:12  Zerg Ground Armor Level 1  
  134  9:24  Overseer x2  
  134  9:25  Overlord  
  134  9:26  Overlord x3  
  134  9:40  Lurker  
  134  9:41  Lurker x3  
  138  9:48  Lurker x3  
  138  9:50  Drone x9  
  138  9:51  Drone x5  
  154  9:52  Overlord  
  154  9:59  Hydralisk x2  
  158  10:02  Drone x2  
  160  10:08  Hydralisk x3  
  160  10:11  Hydralisk  
  160  10:14  Extractor  
  167  10:16  Spore Crawler  
  167  10:17  Extractor  
  167  10:18  Overseer x3  
  167  10:19  Overseer  
  165  10:22  Hydralisk  
  165  10:25  Drone x2  
  169  10:29  Drone x2  
  171  10:41  Hydralisk x2  
  171  10:42  Hydralisk x4  
  177  10:46  Hydralisk  
  183  10:52  Infestation Pit  
  182  10:58  Overlord  
  182  11:01  Overlord  
  182  11:07  Hatchery  
  182  11:08  Zerg Ground Armor Level 2  
  181  11:13  Zerg Melee Weapons Level 1  
  178  11:19  Lurker x3  
  178  11:22  Zergling x2  
  178  11:23  Zergling x14  
  189  11:28  Lurker  
  189  11:29  Zergling x4  
  189  11:30  Zergling x14  
  191  11:52  Hydralisk x3  
  180  11:54  Hydralisk x2  
  180  11:58  Hydralisk x5  
  194  12:02  Hive  
  194  12:04  Lurker  
  194  12:05  Drone  
  195  12:10  Drone x4  
  195  12:11  Drone x4  
  195  12:13  Drone  
  198  12:15  Drone x2  
  199  12:29  Overlord  
  199  12:34  Spine Crawler  
  199  12:35  Spine Crawler  
  195  12:50  Hydralisk x3  
  195  12:53  Hydralisk x3  
  195  12:54  Hydralisk  
  139  13:06  Hydralisk x2  
  139  13:07  Hydralisk  
  139  13:08  Hydralisk x2  
  139  13:09  Hydralisk  
  136  13:15  Hydralisk x2  
  136  13:16  Hydralisk x3  
  122  13:23  Hydralisk  
  109  13:27  Hydralisk  
  109  13:32  Hydralisk x2  
  87  13:38  Hydralisk  
Show
View Real Time Build Order
Export as new Build Order

Adonminus Protoss - Winner!

Build Orders: 1 Gate Expand, Phoenix Opening 

Get SALT Encoding   

  12  0:00  Probe (Chrono Boost)  
  13  0:11  Probe (Chrono Boost)  
  14  0:21  Pylon  
  14  0:22  Probe (Chrono Boost)  
  15  0:39  Gateway, Probe (Chrono Boost)  
  16  0:44  Assimilator  
  16  0:49  Probe (Chrono Boost)  
  17  1:00  Probe (Chrono Boost)  
  18  1:11  Probe (Chrono Boost)  
  19  1:21  Probe (Chrono Boost)  
  20  1:27  Cybernetics Core  
  20  1:32  Probe (Chrono Boost)  
  21  1:40  Nexus  
  21  1:44  Probe (Chrono Boost)  
  22  1:51  Pylon  
  22  1:58  Pylon  
  22  2:01  Probe (Chrono Boost)  
  23  2:07  Assimilator  
  23  2:11  Adept  
  23  2:13  Warp Gate  
  25  2:18  Probe (Chrono Boost)  
  26  2:24  Pylon  
  26  2:33  Stargate  
  26  2:35  Probe (Chrono Boost)  
  26  2:46  Adept  
  26  2:49  Probe (Chrono Boost)  
  29  2:53  Probe (Chrono Boost)  
  30  3:00  Probe (Chrono Boost)  
  30  3:04  Probe (Chrono Boost)  
  32  3:10  Probe (Chrono Boost)  
  33  3:13  Probe (Chrono Boost)  
  33  3:17  Phoenix (Chrono Boost)  
  36  3:21  Probe  
  36  3:23  Probe  
  38  3:31  Gateway x2  
  38  3:33  Probe  
  38  3:34  Probe  
  39  3:39  Pylon  
  40  3:42  Phoenix (Chrono Boost)  
  40  3:45  Probe x2  
  44  3:56  Probe  
  44  3:57  Probe  
  46  4:03  Pylon, Phoenix (Chrono Boost)  
  48  4:16  Probe  
  48  4:18  Probe  
  48  4:20  Assimilator  
  48  4:21  Assimilator  
  50  4:26  Phoenix (Chrono Boost)  
  50  4:29  Adept x3  
  50  4:31  Pylon  
  58  4:34  Probe, Twilight Council  
  58  4:35  Probe  
  58  4:37  Pylon  
  60  4:44  Probe  
  60  4:47  Probe  
  60  4:49  Pylon  
  60  4:51  Adept  
  60  4:52  Adept  
  66  4:56  Adept  
  66  4:57  Probe  
  69  5:08  Probe  
  69  5:09  Probe  
  69  5:10  Phoenix (Chrono Boost), Resonating Glaives (Chrono Boost)  
  73  5:16  Stargate  
  73  5:19  Adept  
  73  5:20  Probe  
  76  5:34  Probe  
  76  5:35  Probe  
  78  5:44  Phoenix  
  78  5:49  Probe  
  79  5:57  Probe  
  80  6:06  Phoenix  
  78  6:13  Probe x2  
  78  6:18  Phoenix  
  74  6:20  Adept x3  
  74  6:23  Pylon  
  80  6:26  Nexus, Mothership Core  
  80  6:28  Pylon, Phoenix  
  80  6:30  Pylon  
  80  6:32  Probe  
  83  6:37  Robotics Facility  
  83  6:39  Forge  
  83  6:41  Robotics Facility  
  83  6:42  Adept  
  83  6:45  Adept  
  87  6:47  Adept  
  89  7:01  Phoenix  
  89  7:05  Phoenix  
  89  7:06  Adept  
  89  7:07  Adept  
  97  7:11  Probe  
  98  7:17  Protoss Ground Weapons Level 1 (Chrono Boost)  
  88  7:39  Immortal x2 (Chrono Boost)  
  88  7:45  Probe x3  
  88  7:46  Charge (Chrono Boost)  
  91  7:56  Gateway  
  91  7:57  Probe  
  91  7:58  Gateway  
  92  7:59  Gateway  
  92  8:00  Gateway, Zealot x3  
  98  8:06  Pylon  
  98  8:13  Immortal  
  98  8:15  Immortal  
  98  8:16  Assimilator  
  98  8:18  Assimilator  
  106  8:37  Templar Archives  
  106  8:39  Pylon  
  106  8:40  Zealot x3  
  112  8:45  Gateway  
  112  8:49  Warp Prism, Observer  
  115  8:57  Pylon  
  115  9:06  Immortal  
  115  9:08  Zealot x7  
  129  9:13  Protoss Ground Weapons Level 2 (Chrono Boost)  
  133  9:26  Gateway  
  133  9:32  High Templar  
  133  9:33  High Templar x3  
  133  9:34  Zealot x2  
  133  9:35  Zealot  
  133  9:38  Pylon, Archon  
  147  9:39  Archon, Pylon  
  147  9:40  Pylon  
  147  9:52  Psionic Storm  
  147  9:55  Probe  
  147  9:56  Probe  
  147  9:59  Nexus  
  149  10:12  Probe  
  150  10:36  Probe  
  150  10:42  Probe x2  
  149  10:46  Fleet Beacon  
  149  10:48  Probe  
  149  10:49  Assimilator  
  142  10:54  Assimilator, Zealot x3, Probe  
  142  10:55  Zealot x3  
  142  10:56  Pylon  
  155  10:57  High Templar x3  
  155  11:00  Oracle x2 (Chrono Boost)  
  167  11:05  Protoss Air Weapons Level 1  
  167  11:21  Probe x3  
  178  11:33  Tempest x2 (Chrono Boost)  
  178  11:35  Zealot x6  
  178  11:36  Zealot x3  
  182  11:50  Immortal  
  158  11:55  Immortal  
  162  12:10  Tempest x2 (Chrono Boost)  
  168  12:19  High Templar  
  168  12:20  High Templar x2, Zealot  
  168  12:21  Zealot  
  178  12:27  Observer  
  179  12:35  Observer  
  180  12:37  Nexus  
  180  12:39  Pylon  
  178  12:49  Zealot  
  178  12:50  Zealot x2  
  163  13:00  High Templar x3, Zealot  
  163  13:01  Zealot x2  
  151  13:14  Archon  
  151  13:15  Archon x2  
  151  13:16  Stalker  
  151  13:17  Stalker x2  
  147  13:31  Stalker x2  
  147  13:32  Stalker  
  140  13:42  Observer  
  140  13:45  Observer  
  132  14:22  Probe  
Tags
 
Add a new tag
Caveats
  • Supply blocks, unpowered buildings, or Contaminate may cause inaccurate times.
  • Supply counts are checked every 10 seconds.